PIO (24 & UNDER)
SEATTLE RAINIERS @ COLORADO COMMANDERS
06/26/2024
 
TOP OF THE 1ST
Seattle Rainiers batting - Pitching for Colorado Commanders : RHP Tony Henderson
Pitching: RHP Tony Henderson
Batting: SHB Vicente Pagán 0-0: Swinging Strike
0-1: Ball
1-1: Foul Ball, location: 2F
1-2: Strikes out looking
Batting: LHB Tony Rivera 0-0: Called Strike
0-1: Called Strike
0-2: Ball
1-2: Strikes out swinging
Batting: RHB Jorge Colón 0-0: Ball
1-0: Foul Ball, location: 2F
1-1: Foul Ball, location: 2F
1-2: Strikes out swinging
Top of the 1st over - 0 run(s), 0 hit(s), 0 error(s), 0 left on base; Seattle 0 - Colorado 0
BOTTOM OF THE 1ST
Colorado Commanders batting - Pitching for Seattle Rainiers : RHP Ben Cobb
Pitching: RHP Ben Cobb
Batting: RHB Roberto Zamora 0-0: Called Strike
0-1: Foul Ball, location: 2F
0-2: DOUBLE (Flyball, 78D)
Batting: RHB Arnold Harmon 0-0: Fly out, F8 (Flyball, 8LM)
Batting: RHB Tim Adkins 0-0: Swinging Strike
0-1: Swinging Strike
0-2: Ball
1-2: Ball
2-2: Ball
3-2: Strikes out swinging
Batting: LHB John Nicholson 0-0: Ball
1-0: Ball
2-0: Called Strike
2-1: Ball
3-1: Base on Balls
Batting: RHB Keith Jones 0-0: Swinging Strike
0-1: Swinging Strike
0-2: Ball
1-2: Ball
2-2: Ball
3-2: Base on Balls
Roberto Zamora to third
John Nicholson to second
Batting: RHB José Aranda 0-0: Ball
1-0: Hit by Pitch
Roberto Zamora scores
John Nicholson to third
Keith Jones to second
Batting: RHB Lee Price 0-0: Called Strike
0-1: Ground out 5-3 (Groundball, 5S)
Bottom of the 1st over - 1 run(s), 1 hit(s), 0 error(s), 3 left on base; Seattle 0 - Colorado 1
TOP OF THE 2ND
Seattle Rainiers batting - Pitching for Colorado Commanders : RHP Tony Henderson
Batting: LHB Brian Boone 0-0: Ball
1-0: Foul Ball, location: 2F
1-1: Ball
2-1: Ball
3-1: Base on Balls
Batting: RHB Jorge Montoya 0-0: Ball
1-0: Fly out, F5 (Popup, 5F)
Batting: RHB Bill Dawson 0-0: Called Strike
0-1: Swinging Strike
0-2: Ball
1-2: Strikes out looking
Brian Boone steals 2nd base
Batter strikes out.
Batting: RHB Reynaldo Slomp 0-0: Called Strike
0-1: Ball
1-1: Ball
2-1: Swinging Strike
2-2: Ball
3-2: Foul Ball, location: 2F
3-2: Foul Ball, location: 2F
3-2: Foul Ball, location: 2F
3-2: Strikes out swinging
Top of the 2nd over - 0 run(s), 0 hit(s), 0 error(s), 1 left on base; Seattle 0 - Colorado 1
BOTTOM OF THE 2ND
Colorado Commanders batting - Pitching for Seattle Rainiers : RHP Ben Cobb
Batting: RHB Emiel van Rhee 0-0: Fly out, F6 (Popup, 6MD)
Batting: RHB Richard Pendergast 0-0: Ball
1-0: Called Strike
1-1: Swinging Strike
1-2: Ball
2-2: Foul Ball, location: 2F
2-2: Ball
3-2: Foul Ball, location: 2F
3-2: Foul Ball, location: 2F
3-2: Foul Ball, location: 2F
3-2: Base on Balls
Batting: RHB Roberto Zamora 0-0: Foul Ball, location: 2F
0-1: Ball
Richard Pendergast steals 2nd base
1-1: Foul Ball, location: 2F
1-2: Foul Ball, location: 2F
1-2: Ball
2-2: Fly out, F7 (Flyball, 7M)
Batting: RHB Arnold Harmon 0-0: Ball
1-0: Called Strike
1-1: DOUBLE (Flyball, 89D)
Richard Pendergast scores
Batting: RHB Tim Adkins 0-0: Reached on error, E5 (Groundball, 5)
Arnold Harmon to third
Batting: LHB John Nicholson 0-0: Ball
1-0: Ball
2-0: Called Strike
2-1: Foul Ball, location: 2F
2-2: Fly out, F5 (Popup, 5)
Bottom of the 2nd over - 1 run(s), 1 hit(s), 1 error(s), 2 left on base; Seattle 0 - Colorado 2
TOP OF THE 3RD
Seattle Rainiers batting - Pitching for Colorado Commanders : RHP Tony Henderson
Batting: RHB Robert Marks 0-0: Swinging Strike
0-1: Ball
1-1: Ground out 6-3 (Groundball, 6)
Batting: RHB Doug Williams 0-0: Ball
1-0: Called Strike
1-1: Called Strike
1-2: Ball
2-2: Strikes out swinging
Batting: SHB Vicente Pagán 0-0: Called Strike
0-1: Ball
1-1: Called Strike
1-2: Foul Ball, location: 2F
1-2: Ball
2-2: Ball
3-2: Base on Balls
Batting: LHB Tony Rivera 0-0: Ball
Vicente Pagán steals 2nd base
1-0: Ground out 1-3 (Groundball, 13S)
Top of the 3rd over - 0 run(s), 0 hit(s), 0 error(s), 1 left on base; Seattle 0 - Colorado 2
BOTTOM OF THE 3RD
Colorado Commanders batting - Pitching for Seattle Rainiers : RHP Ben Cobb
Batting: RHB Keith Jones 0-0: Ball
1-0: Called Strike
1-1: Foul Ball, location: 2F
1-2: Foul Ball, location: 2F
1-2: Ball
2-2: Ground out 4-3 (Groundball, 4M)
Batting: RHB José Aranda 0-0: Ball
1-0: Ball
2-0: Called Strike
2-1: SINGLE (Line Drive, 4M)
Batting: RHB Lee Price 0-0: Called Strike
0-1: Ball
1-1: Ball
2-1: Foul Ball, location: 2F
2-2: Foul Ball, location: 2F
2-2: Foul Ball, location: 2F
2-2: Foul Ball, location: 2F
2-2: Strikes out looking
Batting: RHB Emiel van Rhee 0-0: Called Strike
0-1: Ball
1-1: Ball
2-1: Ball
3-1: Swinging Strike
3-2: Base on Balls
José Aranda to second
Batting: RHB Richard Pendergast 0-0: Ball
Wild Pitch!
José Aranda to third
Emiel van Rhee to second
1-0: Called Strike
1-1: Fly out, F4 (Popup, 3D)
Bottom of the 3rd over - 0 run(s), 1 hit(s), 0 error(s), 2 left on base; Seattle 0 - Colorado 2
TOP OF THE 4TH
Seattle Rainiers batting - Pitching for Colorado Commanders : RHP Tony Henderson
Batting: RHB Jorge Colón 0-0: Ball
1-0: Called Strike
1-1: Called Strike
1-2: Strikes out swinging
Batting: LHB Brian Boone 0-0: Ball
1-0: Ball
2-0: Reached on error, E3 (Groundball, 3)
Batting: RHB Jorge Montoya 0-0: Foul Ball, location: 2F
0-1: Foul Ball, location: 2F
0-2: Ball
1-2: Strikes out looking
Batting: RHB Bill Dawson 0-0: Ball
1-0: Called Strike
1-1: Swinging Strike
1-2: Strikes out swinging
Top of the 4th over - 0 run(s), 0 hit(s), 1 error(s), 1 left on base; Seattle 0 - Colorado 2
BOTTOM OF THE 4TH
Colorado Commanders batting - Pitching for Seattle Rainiers : RHP Ben Cobb
Batting: RHB Roberto Zamora 0-0: Ball
1-0: Ball
2-0: Ball
3-0: Called Strike
3-1: Base on Balls
Batting: RHB Arnold Harmon 0-0: Ball
1-0: SINGLE (Groundball, 5L)
Roberto Zamora to second
Pitching: RHP Rafael López
Batting: RHB Tim Adkins 0-0: Grounds into double play, 5-4-3 (Groundball, 5)
Roberto Zamora to third
Batting: LHB John Nicholson 0-0: Called Strike
0-1: Swinging Strike
0-2: Foul Ball, location: 2F
0-2: Ball
1-2: Ball
2-2: Fly out, F7 (Flyball, 7M)
Bottom of the 4th over - 0 run(s), 1 hit(s), 0 error(s), 1 left on base; Seattle 0 - Colorado 2
TOP OF THE 5TH
Seattle Rainiers batting - Pitching for Colorado Commanders : RHP Tony Henderson
Batting: RHB Reynaldo Slomp 0-0: Called Strike
0-1: SINGLE (Flyball, 34D)
Batting: RHB Robert Marks 0-0: Called Strike
0-1: Foul Ball, location: 2F
0-2: Strikes out swinging
Batting: RHB Doug Williams 0-0: Ball
1-0: Ball
2-0: Grounds into double play, 6-4-3 (Groundball, 6)
Top of the 5th over - 0 run(s), 1 hit(s), 0 error(s), 0 left on base; Seattle 0 - Colorado 2
BOTTOM OF THE 5TH
Colorado Commanders batting - Pitching for Seattle Rainiers : RHP Rafael López
Batting: RHB Keith Jones 0-0: Ball
1-0: Ball
2-0: Ball
3-0: Called Strike
3-1: Called Strike
3-2: Ground out 1-3 (Groundball, 23)
Batting: RHB José Aranda 0-0: Ball
1-0: Ball
2-0: Ground out 5-3 (Groundball, 56S)
Batting: RHB Lee Price 0-0: Ball
1-0: Called Strike
1-1: Called Strike
1-2: Ball
2-2: Strikes out swinging
Bottom of the 5th over - 0 run(s), 0 hit(s), 0 error(s), 0 left on base; Seattle 0 - Colorado 2
TOP OF THE 6TH
Seattle Rainiers batting - Pitching for Colorado Commanders : RHP Tony Henderson
Batting: SHB Vicente Pagán 0-0: Ball
1-0: Ball
2-0: Called Strike
2-1: Swinging Strike
2-2: Ball
3-2: Foul Ball, location: 2F
3-2: Base on Balls
Batting: LHB Tony Rivera 0-0: Ball
1-0: Ball
2-0: Ball
3-0: Called Strike
3-1: Base on Balls
Vicente Pagán to second
Batting: RHB Jorge Colón 0-0: Ball
1-0: Ground out 4-3 (Groundball, 4M)
Vicente Pagán to third
Tony Rivera to second
Pitching: RHP Ramiro Trujillo
Batting: LHB Brian Boone 0-0: Ball
1-0: Fly out, F8 (Flyball, 8RD)
Runner from 3rd tags up, SCORES, no throw
Tony Rivera to third
Batting: RHB Jorge Montoya 0-0: Called Strike
0-1: SINGLE (Groundball, 56)
Tony Rivera scores
Batting: RHB Bill Dawson 0-0: Ball
1-0: Foul Ball, location: 2F
1-1: Ball
2-1: Fly out, F8 (Flyball, 8LM)
Top of the 6th over - 2 run(s), 1 hit(s), 0 error(s), 1 left on base; Seattle 2 - Colorado 2
BOTTOM OF THE 6TH
Colorado Commanders batting - Pitching for Seattle Rainiers : RHP Rafael López
Batting: RHB Emiel van Rhee 0-0: Called Strike
0-1: Foul Ball, location: 2F
0-2: Ball
1-2: Ball
2-2: Strikes out swinging
Batting: RHB Richard Pendergast 0-0: Fly out, F6 (Popup, 56)
Batting: RHB Roberto Zamora 0-0: Called Strike
0-1: Ball
1-1: Foul Ball, location: 2F
1-2: Strikes out swinging
Bottom of the 6th over - 0 run(s), 0 hit(s), 0 error(s), 0 left on base; Seattle 2 - Colorado 2
TOP OF THE 7TH
Seattle Rainiers batting - Pitching for Colorado Commanders : RHP Ramiro Trujillo
Batting: RHB Reynaldo Slomp 0-0: Ball
1-0: Foul Ball, location: 2F
1-1: Fly out, F7 (Flyball, 78M)
Batting: RHB Robert Marks 0-0: Called Strike
0-1: Ball
1-1: Called Strike
1-2: Ground out 4-3 (Groundball, 4)
Pinch Hitting: LHB Alan Moore 0-0: Ball
1-0: Swinging Strike
1-1: Foul Ball, location: 2F
1-2: Foul Ball, location: 2F
1-2: Strikes out swinging
Top of the 7th over - 0 run(s), 0 hit(s), 0 error(s), 0 left on base; Seattle 2 - Colorado 2
BOTTOM OF THE 7TH
Colorado Commanders batting - Pitching for Seattle Rainiers : RHP Rafael López
Pitching: RHP César Rodríguez
Now at 1B: Alan Moore
Batting: RHB Arnold Harmon 0-0: Called Strike
0-1: Swinging Strike
0-2: SINGLE (Groundball, 34)
Batting: RHB Tim Adkins 0-0: Ball
1-0: Called Strike
Arnold Harmon steals 2nd base
1-1: Ball
2-1: Ball
3-1: Base on Balls
Batting: LHB John Nicholson 0-0: Ball
1-0: Fielders Choice at 2nd, 4-6 (Groundball, 34)
Arnold Harmon to third
Batting: RHB Keith Jones 0-0: Ball
1-0: Ball
2-0: Foul Ball, location: 2F
2-1: Ball
3-1: Foul Ball, location: 2F
3-2: SINGLE (Line Drive, 34D)
Arnold Harmon scores
John Nicholson to second
Pinch Hitting: SHB Ángel Díaz 0-0: Called Strike
0-1: Foul Ball, location: 2F
0-2: Ball
1-2: Fly out, F7 (Flyball, 7M)
Batting: RHB Lee Price 0-0: Called Strike
0-1: Ball
1-1: Called Strike
1-2: Ball
2-2: Strikes out looking
Bottom of the 7th over - 1 run(s), 2 hit(s), 0 error(s), 2 left on base; Seattle 2 - Colorado 3
TOP OF THE 8TH
Seattle Rainiers batting - Pitching for Colorado Commanders : RHP Ramiro Trujillo
Pitching: LHP Jerry Beck
Now at 1B: Earnest Turner
Now at 3B: Ángel Díaz
Batting: SHB Vicente Pagán 0-0: Called Strike
0-1: Ground out 5-3 (Groundball, 5)
Batting: LHB Tony Rivera 0-0: Fly out, F8 (Line Drive, 8LS)
Batting: RHB Jorge Colón 0-0: Fly out, F8 (Flyball, 8RM)
Top of the 8th over - 0 run(s), 0 hit(s), 0 error(s), 0 left on base; Seattle 2 - Colorado 3
BOTTOM OF THE 8TH
Colorado Commanders batting - Pitching for Seattle Rainiers : RHP César Rodríguez
Batting: RHB Emiel van Rhee 0-0: Ball
1-0: Foul Ball, location: 2F
1-1: Ball
2-1: Ball
3-1: SINGLE (Groundball, 6MD)
Batting: RHB Richard Pendergast 0-0: Ball
1-0: Bunt missed!
1-1: Bunted foul
1-2: Fly out, F9 (Flyball, 9M)
Pitching: RHP Steve Benson
Batting: RHB Roberto Zamora 0-0: Called Strike
0-1: Foul Ball, location: 2F
0-2: Ball
1-2: Foul Ball, location: 2F
1-2: Grounds into double play, 6-4-3 (Groundball, 6)
Bottom of the 8th over - 0 run(s), 1 hit(s), 0 error(s), 0 left on base; Seattle 2 - Colorado 3
TOP OF THE 9TH
Seattle Rainiers batting - Pitching for Colorado Commanders : LHP Jerry Beck
Pitching: RHP Jonathan Long
Batting: LHB Brian Boone 0-0: Ground out 1-3 (Groundball, 15)
Pinch Hitting: SHB Nick Cox 0-0: Swinging Strike
0-1: Ball
1-1: Ball
2-1: SINGLE (Groundball, 34D)
Pinch Runner at 1st Edward Melton:
Batting: RHB Bill Dawson 0-0: Fly out, F8 (Flyball, 8LM)
Pinch Hitting: RHB Jacob Hill 0-0: Foul Ball, location: 2F
0-1: Ball
1-1: Called Strike
1-2: Strikes out looking
Top of the 9th over - 0 run(s), 1 hit(s), 0 error(s), 1 left on base; Seattle 2 - Colorado 3
This league is powered by Out of the Park Baseball, the baseball management simulation game for PC, Mac and Linux
Saturday, April 9th, 2016 - OOTP Baseball 16.8 Build 38